 Dungeon Crawl Stone Soup version 0.27-a0-577-ge2a43ba0c9 (webtiles) character file.

Game seed: 566640430341647807

448 greynaab the Changer (level 7, -2/43 HPs)
             Began as an Octopode Transmuter on Mar 9, 2021.
             Was an Initiate of Okawaru.
             Slain by a centaur (10 damage)
             ... on level 6 of the Dungeon.
             The game lasted 00:13:20 (5963 turns).

greynaab the Changer (Octopode Transmuter)          Turns: 5963, Time: 00:13:21

Health: -2/43      AC:  2    Str: 10    XL:     7   Next: 4%
Magic:  28/28      EV: 13    Int: 17    God:    Okawaru [......]
Gold:   173        SH:  0    Dex: 12    Spells: 2/10 levels left

rFire    . . .     SeeInvis .     - Unarmed
rCold    + . .     Faith    .   (no shield)
rNeg     . . .     Spirit   .   c - +1 hat
rPois    .         Reflect  .   t - amulet of magic regeneration
rElec    .         Harm     .   d - ring of magical power
rCorr    .         Rampage  .   w - ring of magical power
Will     .....                  z - ring of protection from cold
Stlth    ++........             (no ring)
HPRegen  0.14/turn              (no ring)
MPRegen  0.46/turn              (no ring)
                                (no ring)
                                (no ring)

@: no status effects
A: almost no armour, amphibious, 8 rings, constrict 8, camouflage 1, gelatinous
body 1, nimble swimmer 1
a: Renounce Religion


You were on level 6 of the Dungeon.
You worshipped Okawaru.
Okawaru was noncommittal.
You visited 2 branches of the dungeon, and saw 7 of its levels.

You collected 173 gold pieces.

Inventory:

Hand Weapons
 n - a +0 dagger
Missiles
 a - 13 poisoned darts (quivered)
 h - 5 javelins
 k - 184 stones
Armour
 c - a +1 hat (worn)
 u - a +2 kite shield
Jewellery
 d - a ring of magical power (left tentacle)
 t - an amulet of magic regeneration (around mantle)
 w - a ring of magical power (right tentacle)
 z - a ring of protection from cold (on tentacle)
Wands
 f - a wand of random effects (9)
 q - a wand of acid (9)
 r - a wand of polymorph (5)
Scrolls
 b - a scroll of fear {unknown}
 e - a scroll of noise {unknown}
 g - 9 scrolls of identify {unknown}
 i - a scroll of enchant armour {unknown}
 j - 2 scrolls of immolation {unknown}
 l - a scroll of fog {unknown}
 o - a scroll of blinking {unknown}
 s - 2 scrolls of amnesia {unknown}
 y - 2 scrolls of teleportation {unknown}
Potions
 m - a potion of brilliance {unknown}
 p - 2 potions of curing {unknown}
 v - a potion of attraction {unknown}
 x - a potion of magic {unknown}


   Skills:
 - Level 1.0 Fighting
 - Level 2.0 Dodging
 + Level 1.7 Shields
 - Level 4.6 Unarmed Combat
 - Level 2.0 Spellcasting
 - Level 5.0 Transmutations
 - Level 0.4 Ice Magic
 - Level 3.5 Poison Magic


You had 2 spell levels left.
You knew the following spells:

 Your Spells              Type           Power      Damage    Failure   Level
a - Beastly Appendage     Tmut           36%        N/A       2%          1
b - Spider Form           Tmut/Pois      8%         N/A       10%         3
c - Ice Form              Ice/Tmut       10%        N/A       54%         4

Your spell library contained the following spells:

 Spells                   Type           Power      Damage    Failure   Level
 Wereblood                Tmut           18%        N/A       3%          2
 Blade Hands              Tmut           9%         N/A       56%         5


Dungeon Overview and Level Annotations

Branches:
Dungeon (6/15)             Temple (1/1) D:5

Altars:
Ashenzari
Cheibriados
Dithmenos
Elyvilon
Fedhas
Hepliaklqana
Kikubaaqudgha
Makhleb
Nemelex Xobeh
Okawaru
Ru
Sif Muna
Uskayaw
Vehumet
Xom
Zin
The Shining One

Shops:
D:4 =   D:5 [

Annotations:
D:3 Sigmund
D:4 1 runed translucent door, Crazy Yiuf


Innate Abilities, Weirdness & Mutations

You cannot wear most types of armour.
You are amphibious.
You can wear up to eight rings at the same time.
You can use your tentacles to constrict eight enemies at once.
Your skin changes colour to match your surroundings (Stealth+).
Your rubbery body absorbs attacks. (AC +1, EV +1)
You are stealthy while swimming. (Stealth+)


Message History

The orc priest mumbles some strange prayers to Beogh against you.
Beogh smites you!
The orc wizard shouts!
You climb upwards.
There is a stone staircase leading down here.
Casting: Beastly Appendage (safe; 2% risk of failure)
Confirm with . or Enter, or press ? or * to list all spells.
One of your tentacles grows a vicious spike.
Your +1 hat melds into your body.
The orc priest barely misses you.
You bludgeon the orc priest! You grab the orc priest.
The orc priest is heavily wounded.
You constrict the orc priest. You tentacle-slap the orc priest.
You kill the orc priest!
Okawaru accepts your kill.
You have reached level 7!
You see here an orc corpse.
Your transformation is almost over.
There is a stone staircase leading up here.
You start resting.
Your tentacle spike disappears.
Your +1 hat unmelds from your body.
There is a stone staircase leading up here.
A centaur is nearby!
There is a stone staircase leading down here.
You climb downwards.
A centaur comes into view.
The quokka zombie bites you but does no damage.
The centaur shouts!
Found a stone staircase leading down.
There is a stone staircase leading up here.
Unknown command.
The centaur hits you!
The ooze jiggles.
The orc priest calls down the wrath of Beogh upon you.
Beogh smites you! The quokka zombie closely misses you.
The wight hits you with a +0 scimitar of protection!
* * * LOW HITPOINT WARNING * * *
The wight barely misses you. The centaur hits you!
You die...

####### #.......#
##### .......#
$......(....#
####..#..$....#
#.....Jo#.....##
#.....<.o......##
........oWzzz....#
#....$..ozZ@c....#
#........ooz.....#
....oo...........#
................>#
.o...............#
................##
.....#.....##
..##########


You could see a phantom, a centaur, 5 wights, 2 orc priests, an orc wizard, an
ooze, 5 orcs and a quokka zombie.

Vanquished Creatures
  An ice beast (D:5)
  A scorpion (D:4)
  An orc priest (D:5)
  A bullfrog skeleton (D:4)
  An iguana (D:5)
  Jessica (D:2)
  A worker ant (D:5)
  Robin (D:2)
  5 adders
  A shadow imp (D:5)
  A white imp (D:5)
  2 oozes
  2 worms
  2 dart slugs (D:1)
  A leopard gecko (D:5)
  An orc (D:4)
  2 giant cockroaches
  14 goblins
  10 hobgoblins
  12 jackals
  6 kobolds
  A ball python (D:5)
  6 bats
  9 frilled lizards
  A leopard gecko skeleton (D:4)
  7 rats
91 creatures vanquished.

Vanquished Creatures (others)
  5 fungi (D:2)
  A plant (D:2)
6 creatures vanquished.

Grand Total: 97 creatures vanquished

Notes
Turn   | Place    | Note
-------+----------+-------------------------------------------
     0 | D:1      | greynaab the Octopode Transmuter began the quest for the
                  | Orb.
     0 | D:1      | Reached XP level 1. HP: 13/13 MP: 3/3
   201 | D:1      | Reached XP level 2. HP: 15/18 MP: 3/5
   592 | D:1      | Reached XP level 3. HP: 21/23 MP: 4/6
  1214 | D:2      | Found a blossoming altar of Fedhas.
  1236 | D:2      | Reached skill level 3 in Transmutations
  1576 | D:2      | Noticed Jessica
  1619 | D:2      | Reached XP level 4. HP: 18/28 MP: 5/7
  1630 | D:2      | Killed Jessica
  1891 | D:2      | Noticed Robin
  1895 | D:2      | Killed Robin
  2226 | D:2      | Reached XP level 5. HP: 31/33 MP: 8/8
  2836 | D:3      | Reached skill level 4 in Transmutations
  2932 | D:3      | Learned a level 3 spell: Spider Form
  2937 | D:3      | Learned a level 4 spell: Ice Form
  2945 | D:3      | Noticed Sigmund
  3145 | D:4      | Found a runed translucent door.
  3146 | D:4      | Noticed Crazy Yiuf
  3505 | D:4      | Found Gosuakli's Jewellery Shoppe.
  3521 | D:4      | Reached skill level 5 in Transmutations
  3521 | D:4      | Reached XP level 6. HP: 30/38 MP: 9/9
  4469 | D:5      | Entered Level 5 of the Dungeon
  4532 | D:5      | Reached skill level 1 in Poison Magic
  4674 | D:5      | Found a staircase to the Ecumenical Temple.
  4674 | D:5      | Noticed an ice beast
  4685 | D:5      | Killed an ice beast
  4695 | Temple   | Entered the Ecumenical Temple
  4953 | Temple   | Became a worshipper of Warmaster Okawaru
  5100 | D:5      | Found Qouneina's Antique Armour Boutique.
  5149 | D:5      | Reached skill level 1 in Shields
  5905 | D:5      | Reached XP level 7. HP: 32/43 MP: 10/10
  5963 | D:6      | Slain by a centaur

Illustrated notes

Levels and vault maps discovered:
D:1:      dpeg_arrival_connections, layout_basic, minivault_4
D:2:      layout_loops_cross, fedhas_altar_3, uniq_robin, uniq_jessica
D:3:      layout_basic, minmay_hedge_maze, minmay_misc_feat_tower, uniq_ijyb,
          uniq_sigmund
D:4:      layout_layer_cave, serial_shops, shop, uniq_crazy_yiuf_cottage
D:5:      layout_loops_ring, temple_green, serial_shops, shop
D:6:      layout_rooms
Temple:   minmay_crystal_spiral_temple

Skill      XL: |  1  2  3  4  5  6 |
---------------+-------------------+-----
Transmutations | 3 5 |  5.0
Unarmed Combat | 4 |  4.6
Poison Magic   | 3 |  3.5
Shields        | 1 |  1.7
Fighting       | |  1.0
Dodging        | |  2.0
Spellcasting   | |  2.0
Ice Magic      | |  0.4

Action                   |  1- 3 |  4- 6 |  7- 9 || total
-------------------------+-------+-------+-------++-------
Melee: Unarmed           |    83 |   142 |       ||   225
       Constrict         |    25 |    31 |       ||    56
       Kick              |    14 |    17 |       ||    31
       Tentacles         |    12 |    19 |       ||    31
       Punch             |     2 |     4 |       ||     6
Throw: Dart              |     2 |    36 |       ||    38
 Cast: Beastly Appendage |    27 |    19 |       ||    46
  Use: Potion            |     1 |       |       ||     1
 Stab: Sleeping          |    10 |     6 |       ||    16
Armor: Skin              |     8 |    17 |     1 ||    26
Dodge: Dodged            |    49 |    74 |     2 ||   125

Table legend: (Time is in decaauts)
 A = Elapsed time spent in this place.
 B = Non-inter-level travel time spent in this place.
 C = Inter-level travel time spent in this place.
 D = Time resting spent in this place.
 E = Time spent auto-exploring this place.
 F = Levels seen in this place.
 G = Mean time per level.
                   A        B        C        D        E       F      G
               +--------+--------+--------+--------+--------+-----+--------+
         Total |   5949 |   5729 |    220 |    934 |   3981 |   7 |  849.9 |
       Dungeon |   5653 |   5520 |    133 |    934 |   3774 |   6 |  942.2 |
        Temple |    296 |    209 |     87 |      0 |    207 |   1 |  296.0 |
               +--------+--------+--------+--------+--------+-----+--------+

Top non-repeatable levels by time:
     D:4: 1508 daAuts
     D:2: 1293 daAuts
     D:5: 1188 daAuts
     D:1: 1103 daAuts
     D:3: 555 daAuts
  Temple: 296 daAuts
     D:6: 3 daAuts
